 Dungeon Crawl Stone Soup version 0.27-a0-328-g7f782ed93a (webtiles) character file.

Game seed: 8298782576525964758

56 inc the Stinger (level 3, 0/14 HPs)
             Began as a Felid Venom Mage on Feb 11, 2021.
             Shot with an arrow by a centaur (14 damage)
             ... on level 2 of the Dungeon.
             The game lasted 00:02:02 (1993 turns).

inc the Stinger (Felid Venom Mage)                  Turns: 1993, Time: 00:02:02

Health: 0/14       AC:  1    Str:  4    XL:     3   Next: 71%
Magic:  7/7        EV: 18    Int: 17    God:
Gold:   70         SH:  0    Dex: 16    Spells: 5/6 levels left
                                        Lives:  0   Deaths: 0

rFire    . . .     SeeInvis +   (weapon unavailable)
rCold    . . .     Faith    .   (shield unavailable)
rNeg     . . .     Spirit   .   (armour unavailable)
rPois    .         Reflect  .   (helmet unavailable)
rElec    .         Harm     .   (cloak unavailable)
rCorr    .         Rampage  .   (gloves unavailable)
Will     .....                  (boots unavailable)
Stlth    +++.......             (no amulet)
HPRegen  0.04/turn              (no ring)
MPRegen  0.10/turn              (no ring)

@: quick
A: very small, no armour, no weapons or thrown items, stealth, claws 1, fangs 3,
see invisible, speed 1, shaggy fur 1, sharp paws
a: no special abilities


You were on level 2 of the Dungeon.
You visited 1 branch of the dungeon, and saw 2 of its levels.

You collected 70 gold pieces.

Inventory:

Jewellery
 g - a ring of flight {unknown}
 j - a ring of resist corrosion {unknown}
Scrolls
 b - a scroll of identify {unknown}
 c - a scroll of enchant weapon {unknown}
 e - a scroll of teleportation {unknown}
Potions
 a - a potion of might {unknown}
 d - a potion of heal wounds {unknown}
 f - a potion of haste {unknown}
 h - a potion of degeneration {unknown}
 i - a potion of resistance {unknown}
 k - a potion of attraction {unknown}


   Skills:
 - Level 2.6 Dodging
 - Level 2.6 Stealth
 - Level 2.0 Spellcasting
 - Level 1.1 Transmutations
 + Level 4.3 Poison Magic


You had 5 spell levels left.
You knew the following spells:

 Your Spells              Type           Power        Failure   Level
a - Sting                 Tmut/Pois      40%          6%          1

Your spell library contained the following spells:

 Spells                   Type           Power        Failure   Level
 Poisonous Vapours        Pois/Air       18%          12%         2
 Ignite Poison            Fire/Tmut/Pois 7%           28%         3
 Mephitic Cloud           Conj/Pois/Air  6%           32%         3
 Olgreb's Toxic Radiance  Pois           16%          32%         4


Dungeon Overview and Level Annotations

Branches:
Dungeon (2/15)

Altars:


Innate Abilities, Weirdness & Mutations

You cannot wear armour.
You are incapable of wielding weapons or throwing items.
Your paws allow you to move quietly. (Stealth)
You have sharp claws.
You have razor-sharp teeth.
You have supernaturally acute eyesight. (SInv)
You cover ground quickly.
You are covered in fur. (AC +1)
Your sharp claws are effective at attacking unaware monsters.


Message History

Aim: a worm (heavily wounded, poisoned, 10% to evade)
The sting hits the worm.
The worm looks even sicker.
The worm is heavily wounded.
Casting: Sting (safe; 6% risk of failure)
Confirm with . or Enter, or press ? or * to list all spells.
Aiming: Sting (safe; 6% risk of failure)
Press: ? - help, Shift-Dir - straight line, f/p - worm
Aim: a worm (heavily wounded, very poisoned, 10% to evade)
The sting hits the worm.
The worm looks even sicker.
The worm is heavily wounded.
The worm misses you.
Casting: Sting (safe; 6% risk of failure)
Confirm with . or Enter, or press ? or * to list all spells.
Aiming: Sting (safe; 6% risk of failure)
Press: ? - help, Shift-Dir - straight line, f/p - worm
Aim: a worm (heavily wounded, very poisoned, 10% to evade)
The sting hits the worm.
The worm looks as sick as possible!
The worm is severely wounded.
You kill the worm!
Your magical contamination has completely faded away.
You see here a chain mail.
Casting: Sting (safe; 6% risk of failure)
Confirm with . or Enter, or press ? or * to list all spells.
Aiming: Sting (safe; 6% risk of failure)
Press: ? - help, Shift-Dir - straight line, f - kobold
Aim: a kobold (36% to evade)
The sting hits the kobold.
The kobold is poisoned.
You kill the kobold!
Casting: Sting (safe; 6% risk of failure)
Confirm with . or Enter, or press ? or * to list all spells.
You don't have enough magic to cast this spell.
You start resting.
Magic restored.
Casting: Sting (safe; 6% risk of failure)
Confirm with . or Enter, or press ? or * to list all spells.
You can't see any susceptible monsters within range! (Use Z to cast anyway.)
The centaur shouts!
The centaur shoots an arrow.
The arrow hits you!
Ouch! That really hurt!
You die...

#######.# ### #.# .........
..# #.# ######..# #.# #.###
#..# #.# #.#.##
#..#.###.####....###
######..#....†.....[....#####
....##..####..####..........#
..(........÷..........#.###.#
)##.............@..#..#?###.#
.#####.#####..###...........#
.# #.# #..# #...#.#.##.## ##
#.# #..........#.# # # #.#
#(######.###.# #.# #.# #..c
#.# #.# #.. ........# .# ###
## .##.# #.#


You could see a centaur.

Vanquished Creatures
  2 adders (D:2)
  4 worms (D:2)
  5 bats
  A giant cockroach (D:1)
  3 goblins
  A hobgoblin (D:2)
  4 frilled lizards (D:1)
  7 kobolds
  A rat (D:1)
28 creatures vanquished.

Notes
Turn   | Place    | Note
-------+----------+-------------------------------------------
     0 | D:1      | inc the Felid Venom Mage began the quest for the Orb.
     0 | D:1      | Reached XP level 1. HP: 7/7 MP: 4/4
   301 | D:1      | Reached skill level 3 in Poison Magic
   459 | D:1      | Reached XP level 2. HP: 11/11 MP: 1/6
  1167 | D:2      | Noticed a centaur
  1342 | D:2      | Reached XP level 3. HP: 14/14 MP: 3/7
  1360 | D:2      | Reached skill level 4 in Poison Magic
  1993 | D:2      | Shot with an arrow by a centaur

Illustrated notes

Levels and vault maps discovered:
D:1:      wander_arrival_peaceful_grave, layout_loops_corners
D:2:      layout_loops_ring

Skill      XL: |  1  2  3 |
---------------+----------+-----
Poison Magic   | 3 4 |  4.3
Dodging        | |  2.6
Stealth        | |  2.6
Spellcasting   | |  2.0
Transmutations | |  1.1

Action                   || total
-------------------------++-------
Melee: Unarmed           ||     5
 Cast: Sting             ||    64
 Stab: Sleeping          ||     1
Dodge: Dodged            ||    29

Table legend: (Time is in decaauts)
 A = Elapsed time spent in this place.
 B = Non-inter-level travel time spent in this place.
 C = Inter-level travel time spent in this place.
 D = Time resting spent in this place.
 E = Time spent auto-exploring this place.
 F = Levels seen in this place.
 G = Mean time per level.
                   A        B        C        D        E       F      G
               +--------+--------+--------+--------+--------+-----+--------+
         Total |   1771 |   1682 |     89 |    165 |   1237 |   2 |  885.5 |
       Dungeon |   1771 |   1682 |     89 |    165 |   1237 |   2 |  885.5 |
               +--------+--------+--------+--------+--------+-----+--------+

Top non-repeatable levels by time:
     D:1: 1038 daAuts
     D:2: 733 daAuts
